 Dungeon Crawl Stone Soup version 0.31-a0-675-g238779eb0a (webtiles) character file.

Game seed: 7826201355895452541

310 qw the Shooter (level 6, 0/38 HPs)
             Began as a Gargoyle Hunter on Sept 5, 2023.
             Slain by Edmund
             ... wielding a +3 dire flail of protection
              (11 damage)
             ... on level 4 of the Dungeon.
             The game lasted 00:01:00 (2415 turns).

qw the Shooter (Gargoyle Hunter)                    Turns: 2415, Time: 00:01:00

Health: 0/38       AC:  7    Str: 15    XL:     6   Next: 41%
Magic:  6/6        EV: 11    Int:  9    God:
Gold:   254        SH:  0    Dex: 15    Spells: 5/5 levels left

rFire   . . .        Y - +1 shortbow
rCold   . . .        (shield currently unavailable)
rNeg    + . .        c - +0 leather armour
rPois   inf          (no helmet)
rElec   +            (no cloak)
rCorr   .            (no gloves)
SInv    .            (no boots)
Will    .....        (no amulet)
Stlth   ++           (no ring)
HPRegen 0.26/turn    (no ring)
MPRegen 0.10/turn

%: no passive effects
@: no status effects
A: sickness immunity, AC +4, negative energy resistance 1, electricity
resistance, torment resistance 1, petrification resistance
a: no special abilities


You were on level 4 of the Dungeon.
You visited 1 branch of the dungeon, and saw 4 of its levels.

You collected 254 gold pieces.


Innate Abilities, Weirdness & Mutations

You are immune to sickness and miasma.
Your stone body is resilient. (AC +4)
You are immune to poison.
You resist negative energy. (rN+)
You are resistant to electric shocks. (rElec)
You are resistant to unholy torment.
You are immune to petrification.


   Skills:
 - Level 4.1 Fighting
 + Level 6.7 Ranged Weapons
 - Level 1.5 Dodging
 - Level 1.1 Stealth


You had 5 spell levels left.
You didn't know any spells.
Your spell library was empty.

Inventory:

Hand Weapons
 Y - a +1 shortbow (weapon)
Armour
 c - a +0 leather armour (worn)
Jewellery
 b - a ring of protection from cold
Scrolls
 e - a scroll of identify
Potions
 a - a potion of curing
 d - a potion of heal wounds
 f - a potion of haste
 g - a potion of mutation {unknown}
 h - a potion of might {unknown}
 i - a potion of brilliance {unknown}

Dungeon Overview and Level Annotations

Branches:
Dungeon (4/15)
 Temple: D:4-7

Altars:
Fedhas
Hepliaklqana
Kikubaaqudgha
Uskayaw

Shops:
D:1 [

Annotations:
D:4 Edmund


Message History

The arrow hits Edmund but does no damage.
Edmund is lightly wounded.
Edmund hits you with a +3 dire flail of protection.
The gnoll hits you from afar with a +0 spear.
The gnoll misses you.
You shoot an arrow.
The arrow hits Edmund but does no damage.
Edmund is lightly wounded.
Edmund hits you with a +3 dire flail of protection.
The gnoll hits you from afar with a +0 spear. x2
2409 ||| DRINKING 2 potions of heal wounds.
You feel much better.
Edmund hits you with a +3 dire flail of protection.
The gnoll misses you.
The gnoll hits you from afar with a +0 spear.
You shoot an arrow. The arrow closely misses Edmund.
The arrow hits the gnoll.
You kill the gnoll!
Edmund hits you with a +3 dire flail of protection.
The gnoll misses you.
You shoot an arrow. The arrow closely misses Edmund.
Edmund closely misses you.
The gnoll hits you from afar with a +0 spear.
Edmund barely misses you.
You shoot an arrow. The arrow hits Edmund.
Edmund is lightly wounded.
The gnoll hits you from afar with a +0 spear.
Edmund hits you but does no damage.
The gnoll hits you from afar with a +0 spear.
You shoot an arrow. The arrow barely misses Edmund.
Edmund closely misses you. The gnoll barely misses you.
You shoot an arrow.
The arrow hits Edmund but does no damage.
Edmund is lightly wounded.
Edmund barely misses you.
The gnoll hits you from afar with a +0 spear.
You shoot an arrow. The arrow hits Edmund.
Edmund is lightly wounded.
Edmund hits you with a +3 dire flail of protection!
You die...
Edmund says, "That'll show my brother!"

......#.....#.##.. ..
.....##...###..####
....####.###.#.#.
#.#........#####.
.........#...#.. ##
#.#......###.#.##.###
.........###.#.#....##
...........#...#.....##
...........#####@.....#
.....#####.)....@#....#
..... #...#...g).#....#
..... #.#.#...........#
.... .._.....##..##....
...#.##..##....# ...
....)....## ....# ..
.#####.... .....> #....
.....


You could see Edmund and a gnoll.

Vanquished Creatures
  A black bear (D:4)
  An iguana (D:4)
  An orc wizard (D:4)
  2 gnolls (D:4)
  8 adders
  2 dart slugs
  3 orcs
  9 ball pythons
  6 endoplasms
  2 giant cockroaches
  4 goblins
  5 hobgoblins
  2 jackals (D:3)
  4 quokkas
  5 bats
  7 kobolds
  3 rats
65 creatures vanquished.

Vanquished Creatures (others)
  An orc wizard (D:4)
1 creature vanquished.

Grand Total: 66 creatures vanquished

Notes
Turn   | Place    | Note
-------+----------+-------------------------------------------
     0 | D:1      | qw the Gargoyle Hunter began the quest for the Orb.
     0 | D:1      | Reached XP level 1. HP: 12/12 MP: 1/1
     0 | D:1      | 0 ||| qw: Version: 0.3-a-75-g829b12e
     0 | D:1      | 0 ||| qw: Game counter: 121
     0 | D:1      | 0 ||| qw: Melee chars always use a shield: true
     0 | D:1      | 0 ||| qw: God list: Okawaru
     0 | D:1      | 0 ||| qw: Allow faded altars: false
     0 | D:1      | 0 ||| qw: Do Orc after clearing Dungeon:15 true
     0 | D:1      | 0 ||| qw: Do second Lair branch before Depths: true
     0 | D:1      | 0 ||| qw: Lair rune preference: random
     0 | D:1      | 0 ||| qw: Goals: Normal
     0 | D:1      | 0 ||| PLANNING D:1-11
   130 | D:1      | Reached XP level 2. HP: 17/17 MP: 2/2
   195 | D:1      | Found Gyedeunex's Armour Shoppe.
   203 | D:1      | 203 ||| SHOPLISTING +0 pair of boots (63 gold, have 23).
   203 | D:1      | 203 ||| SHOPLISTING +0 ring mail (56 gold, have 23).
   203 | D:1      | 203 ||| SHOPLISTING +1 leather armour of cold resistance
                  | (196 gold, have 23).
   203 | D:1      | 203 ||| SHOPLISTING +1 pair of boots of rampaging (231
                  | gold, have 23).
   490 | D:1      | Reached XP level 3. HP: 21/21 MP: 3/3
   552 | D:1      | 552 ||| READING scroll labelled WOEDA XEIDU.
   553 | D:1      | 553 ||| READING scroll labelled MUNOS QEJ.
   554 | D:1      | 554 ||| DROPPING scroll of butterflies.
   596 | D:2      | Reached skill level 5 in Ranged Weapons
   944 | D:2      | 944 ||| READING scroll labelled GEUKAE KIEPS.
   945 | D:2      | 945 ||| READING scroll labelled MUESAM YMOILOSCHE.
   946 | D:2      | 946 ||| READING scroll labelled ZAUHOLUADUGH.
   947 | D:2      | 947 ||| DRINKING 2 fizzy brown potions.
   948 | D:2      | 948 ||| READING 3 scrolls of identify.
   948 | D:2      | 948 ||| IDENTIFYING inky potion
   949 | D:2      | 949 ||| READING 2 scrolls of identify.
   949 | D:2      | 949 ||| IDENTIFYING silvery potion
  1038 | D:3      | Reached skill level 3 in Fighting
  1060 | D:3      | Reached XP level 4. HP: 28/28 MP: 4/4
  1611 | D:3      | Found an ancient bone altar of Kikubaaqudgha.
  1611 | D:3      | Found a hazy altar of Hepliaklqana.
  1679 | D:3      | 1679 ||| READING scroll labelled GEALLIU NEMETT.
  1687 | D:4      | 1687 ||| STAIRDANCE
  1689 | D:4      | 1689 ||| STAIRDANCE
  1706 | D:4      | 1706 ||| STAIRDANCE
  1734 | D:4      | 1734 ||| STAIRDANCE
  1795 | D:4      | 1795 ||| Stepping ~*~*~tactically~*~*~ (retreating).
  1796 | D:4      | 1796 ||| Stepping ~*~*~tactically~*~*~ (retreating).
  1802 | D:4      | Reached XP level 5. HP: 19/32 MP: 5/5
  1808 | D:4      | Reached skill level 6 in Ranged Weapons
  1809 | D:4      | 1809 ||| Stepping randomly (disturbance).
  1809 | D:4      | HP: 6/32 [something/magic dart (5)]
  1891 | D:4      | 1891 ||| FLEEEEING.
  1892 | D:4      | 1892 ||| FLEEEEING.
  1893 | D:4      | 1893 ||| FLEEEEING.
  1894 | D:4      | 1894 ||| FLEEEEING.
  1895 | D:4      | 1895 ||| STAIRDANCE
  2013 | D:4      | Noticed a black bear
  2026 | D:4      | Killed a black bear
  2027 | D:4      | Reached XP level 6. HP: 14/38 MP: 6/6
  2123 | D:4      | Found a blossoming altar of Fedhas.
  2364 | D:4      | 2364 ||| Stepping ~*~*~tactically~*~*~ (outnumbered).
  2388 | D:4      | Found a hide-covered altar of Uskayaw.
  2397 | D:4      | Noticed Edmund
  2398 | D:4      | 2398 ||| RETREATING.
  2399 | D:4      | 2399 ||| Stepping ~*~*~tactically~*~*~ (retreating).
  2400 | D:4      | 2400 ||| Stepping ~*~*~tactically~*~*~ (retreating).
  2408 | D:4      | HP: 4/38 [gnoll/+0 spear (6)]
  2408 | D:4      | HP: 1/38 [gnoll/+0 spear (3)]
  2409 | D:4      | 2409 ||| DRINKING 2 potions of heal wounds.
  2415 | D:4      | Slain by Edmund

Levels and vault maps discovered:
D:1:      tarquinn_simple_flora_water_e, layout_basic, serial_shops, shop,
          hangedman_decor_growths
D:2:      layout_rooms
D:3:      layout_loops_ring, chequers_temple_overflow_statue_of_worship,
          nicolae_houndstooth_variations
D:4:      layout_cave_pools, lemuel_crystal_altar, amcnicky_altar_gilded,
          serial_co_window_serial, co_window_of_opportunity_a,
          co_window_paths_a, co_window_paths_a, co_window_paths_b,
          co_window_paths_a, co_window_corner_a, co_window_2corner,
          co_window_unsneaky_path_c, co_window_corner_cb, co_window_corner_ca,
          co_window_corner_cb, co_window_corner_b, glass_columns_b,
          glass_columns_a, serial_bayou_lagoon_a, chequers_arboretum,
          st_stairs_14, uniq_edmund

Skill      XL: |  1  2  3  4  5 |
---------------+----------------+-----
Ranged Weapons | 5 6 |  6.7
Fighting       | 3 4 |  4.1
Dodging        | |  1.5
Stealth        | |  1.1

Action                     |  1- 3 |  4- 6 || total
---------------------------+-------+-------++-------
   Fire: Shortbow          |   102 |   118 ||   220
    Use: Scroll            |     7 |     1 ||     8
         Potion            |     1 |     1 ||     2
 Armour: Leather armour    |    18 |    79 ||    97
  Dodge: Dodged            |    12 |    65 ||    77

Table legend:
 A = Non-vault XP
 B = Vault XP
 C = Vault XP percentage of total XP
 D = Non-vault monster count
 E = Vault monster count
 F = Vault count percentage of total count
                 A         B        C        D         E       F
            +---------+---------+-------+---------+---------+-------
      Total |     441 |       2 |   0.5 |      65 |       1 |   1.5
            +---------+---------+-------+---------+---------+-------
        D:1 |      34 |       0 |   0.0 |      21 |       0 |   0.0
        D:2 |      41 |       0 |   0.0 |      12 |       0 |   0.0
        D:3 |      68 |       2 |   2.9 |      17 |       1 |   5.6
        D:4 |     298 |       0 |   0.0 |      15 |       0 |   0.0
            +---------+---------+-------+---------+---------+-------
